 Dungeon Crawl Stone Soup version 0.31.0-11-ge490571c62 (webtiles) character file.

Game seed: 15228409161615004910

30080 mopl the Basher (level 13, -9/82 HPs)
             Began as a Gargoyle Fighter on Feb 10, 2024.
             Was a High Priest of Okawaru.
             Killed from afar by a lindwurm (17 damage)
             ... with a blast of flame
             ... on level 4 of the Lair of Beasts.
             The game lasted 00:16:50 (12312 turns).

mopl the Basher (Gargoyle Fighter)                 Turns: 12312, Time: 00:16:50

Health: -9/82      AC: 24    Str: 19    XL:     13   Next: 49%
Magic:  17/17      EV: 18    Int: 11    God:    Okawaru [*****.]
Gold:   504        SH: 11    Dex: 13    Spells: 12/12 levels left

rFire   . . .        a - +0 morningstar
rCold   + . .        c - +0 buckler
rNeg    + . .        P - +0 swamp dragon scales
rPois   ∞            (no helmet)
rElec   +            W - +2 cloak
rCorr   .            (no gloves)
SInv    .            V - +0 pair of boots
Will    .....        n - amulet of reflection
Stlth   +            M - +5 ring of evasion
HPRegen 0.33/turn    I - ring of protection from cold
MPRegen 0.15/turn

%: reflection
@: no status effects
A: sickness immunity, AC +9, negative energy resistance 1, electricity
resistance, torment resistance 1, petrification resistance
a: Renounce Religion, Heroism, Finesse, Duel


You were on level 4 of the Lair of Beasts.
You worshipped Okawaru.
Okawaru was extremely pleased with you.
You visited 3 branches of the dungeon, and saw 14 of its levels.

You collected 779 gold pieces.
You spent 275 gold pieces at shops.

Inventory:

Hand Weapons
 a - a +0 morningstar (weapon)
 b - a +4 scimitar of flaming
Missiles
 y - 2 atropa-tipped darts
 C - a silver javelin
 E - a curare-tipped dart
 N - 17 poisoned darts (quivered)
 Q - 5 javelins
 S - 2 throwing nets
 X - 8 boomerangs
Armour
 c - a +0 buckler (worn)
 P - +0 swamp dragon scales (worn)
 V - a +0 pair of boots (worn)
 W - a +2 cloak (worn)
Jewellery
 n - an amulet of reflection (around neck)
 q - a ring of resist corrosion
 s - a ring of protection from fire
 v - a ring of positive energy
 I - a ring of protection from cold (right hand)
 J - a ring of flight
 M - a +5 ring of evasion (left hand)
Wands
 j - a wand of flame (11)
 H - a wand of mindburst (2)
 O - a wand of polymorph (10)
 R - a wand of paralysis (11)
Scrolls
 h - 4 scrolls of blinking
 m - a scroll of brand weapon {unknown}
 r - 2 scrolls of vulnerability
 t - a scroll of enchant weapon {unknown}
 x - 4 scrolls of teleportation {unknown}
 z - 3 scrolls of fear {unknown}
 B - 2 scrolls of revelation {unknown}
 D - 3 scrolls of fog
 K - 3 scrolls of poison
Potions
 d - 2 potions of might
 e - a potion of lignification
 f - a potion of resistance
 g - 3 potions of curing
 i - 4 potions of brilliance
 k - 4 potions of attraction {unknown}
 l - 2 potions of berserk rage
 o - 3 potions of haste
 p - a potion of mutation
 u - 5 potions of heal wounds
 w - a potion of magic
 A - 2 potions of enlightenment
Miscellaneous
 U - a phial of floods


   Skills:
 + Level 9.9 Fighting
 * Level 11.8 Maces & Flails
 + Level 6.0 Throwing
 + Level 9.7 Armour
 + Level 6.7 Dodging
 + Level 9.6 Shields
 + Level 5.4 Invocations
 + Level 6.0 Evocations


You had 12 spell levels left.
You didn't know any spells.
Your spell library contained the following spells:

 Spells                   Type           Power      Damage    Failure   Level
 Sandblast                Erth           0%         2d4       54%         1
 Blink                    Tloc           0%         N/A       69%         2
 Lesser Beckoning         Tloc           0%         N/A       69%         2
 Momentum Strike          Conj/Tloc      0%         3d8       69%         2
 Dazzling Flash           Conj/Hex       0%         N/A       89%         3
 Mephitic Cloud           Conj/Alch/Air  0%         N/A       89%         3
 Passwall                 Erth           0%         N/A       89%         3
 Stone Arrow              Conj/Erth      0%         3d7       89%         3
 Volatile Blastmotes      Fire/Tloc      0%         2d10      89%         3
 Brom's Barrelling Bould  Conj/Erth      0%         2d3       100%        4
 Fulminant Prism          Conj/Alch      0%         3d5       100%        4
 Iskenderun's Mystic Bla  Conj/Tloc      0%         2d3       100%        4
 Curse of Agony           Necr           0%         N/A       100%        5
 Silence                  Hex/Air        0%         N/A       100%        5


Dungeon Overview and Level Annotations

Branches:
Dungeon (9/15)             Temple (1/1) D:4            Lair (4/5) D:9
 Shoals (0/4) Lair:2        Snake (0/4) Lair:2
  Slime: Lair:4-5       Orc: D:9-12

Altars:
Ashenzari
Cheibriados
Dithmenos
Elyvilon
Fedhas
Gozag
Hepliaklqana
Kikubaaqudgha
Makhleb
Nemelex Xobeh
Okawaru
Qazlal
Ru
Sif Muna
Trog
Uskayaw
Vehumet
Wu Jian
Xom
Yredelemnul
The Shining One

Shops:
D:4 [[   D:9 [

Portals:
Abyss: Lair:1

Annotations:
Lair:1 2 transporters, dakkaduck's ghost, journeyman MiBe


Innate Abilities, Weirdness & Mutations

You are immune to sickness and miasma.
Your stone body is resilient. (AC +9)
You are immune to poison.
You resist negative energy. (rN+)
You are resistant to electric shocks. (rElec)
You are resistant to unholy torment.
You are immune to petrification.


Message History

You sock the black mamba!
The black mamba is almost dead.
You block the black mamba's attack. The black mamba misses you.
You closely miss the black mamba.
The black mamba is almost dead.
You block the black mamba's attack.
You hit the black mamba.
You kill the black mamba!
Okawaru accepts your kill.
You hit the lindwurm.
The lindwurm is lightly wounded.
The lindwurm breathes flames at you. The blast of flame hits you!
* * * LOW HITPOINT WARNING * * *
You hit the lindwurm.
The lindwurm is moderately wounded.
The lindwurm bites you but does no damage.
The lindwurm claws you but does no damage. x2
You barely miss the lindwurm.
The lindwurm is moderately wounded.
The lindwurm bites you but does no damage.
The lindwurm claws you.
* * * LOW HITPOINT WARNING * * *
The lindwurm claws you but does no damage.
You sock the lindwurm!
The lindwurm is heavily wounded.
You puncture the lindwurm!
The lindwurm is severely wounded.
The lindwurm closely misses you. The lindwurm misses you.
The lindwurm closely misses you.
You thump the lindwurm!
The lindwurm is almost dead.
The lindwurm bites you!
* * * LOW HITPOINT WARNING * * *
You block the lindwurm's attack. x2
You barely miss the lindwurm.
The lindwurm is almost dead.
The lindwurm breathes flames at you. The blast of flame hits you!
You die...

....... ...... #.#..# ......
##...P## ... .####. ##......##
...# #.. #........# .... ##.
#.......##........ #P.
#.......##.##.###....##....##.
#......##..###k#.....##...# #.
#............@.........#..P #.
......................#.+.###.
.#............<...............
..............................
..............................
..............................
........#P.#.##.....#.##..##..
........########...#.....####.
.P......#######...#........##.


You could see a lindwurm (catching breath).

Vanquished Creatures
  2 hydras
  2 catoblepae
  Erica (D:9)
  A two-headed ogre (D:8)
  2 skysharks (Lair:2)
  Pikel (D:4)
  Maurice (D:8)
  6 black mambas
  7 komodo dragons
  Maggie (D:8)
  8 cane toads
  2 rime drakes
  A troll (D:9)
  13 blink frogs
  3 hornets
  2 polar bears
  7 dream sheep (Lair:3)
  Prince Ribbit (D:7)
  A snapping turtle (Lair:2)
  3 wyverns
  A water elemental (Lair:1)
  A fire elemental (Lair:3)
  41 yaks
  4 basilisks
  A steam dragon (D:8)
  6 water moccasins
  3 orc warriors
  2 sky beasts (D:8)
  3 ice beasts
  6 black bears
  7 wolves
  2 ogres
  2 lemures (D:4)
  A phantom (D:5)
  3 kobold brigands
  15 bullfrogs
  2 gnoll sergeants
  4 scorpions
  4 killer bees (D:9)
  An electric eel (Lair:2)
  2 howler monkeys (D:9)
  3 bombardier beetles
  A lava snake (Lair:3)
  3 orc priests
  2 jellies
  Crazy Yiuf (D:4)
  A hound (Temple)
  3 sleepcaps
  2 iguanas
  3 orc wizards
  5 hell rats (Lair:3)
  12 gnolls
  6 adders
  A white imp (D:5)
  A ribbon worm (D:3)
  A dart slug (D:1)
  13 orcs
  7 ball pythons
  3 bats
  5 endoplasms (D:2)
  3 giant cockroaches
  6 hobgoblins
  2 jackals (D:2)
  17 kobolds
  6 quokkas
  3 frilled lizards
  8 goblins
  4 rats
298 creatures vanquished.

Notes
Turn   | Place    | Note
-------+----------+-------------------------------------------
     0 | D:1      | mopl the Gargoyle Fighter began the quest for the Orb.
     0 | D:1      | Reached XP level 1. HP: 14/14 MP: 1/1
    56 | D:1      | Found a faded altar of an unknown god.
   162 | D:1      | Reached XP level 2. HP: 18/19 MP: 2/2
   438 | D:2      | Reached XP level 3. HP: 20/23 MP: 3/3
   750 | D:2      | Reached skill level 3 in Maces & Flails
   805 | D:2      | Reached XP level 4. HP: 28/29 MP: 4/4
  1090 | D:3      | Found Ajicush's Magic Scroll Shop.
  1097 | D:3      | Bought a scroll of vulnerability for 44 gold pieces
  1097 | D:3      | Bought a scroll of identify for 22 gold pieces
  1097 | D:3      | Bought a scroll of noise for 11 gold pieces
  1097 | D:3      | Bought a scroll of identify for 22 gold pieces
  1194 | D:3      | Reached skill level 1 in Dodging
  2189 | D:4      | Found Zoedaun's Antique Armour Boutique.
  2192 | D:4      | Noticed a scorpion
  2206 | D:4      | Killed a scorpion
  2207 | D:4      | Reached XP level 5. HP: 23/33 MP: 5/5
  2290 | D:4      | Found a staircase to the Ecumenical Temple.
  2297 | D:4      | Found Erusseygec's Armour Shoppe.
  2301 | Temple   | Entered the Ecumenical Temple
  2417 | D:4      | Reached XP level 6. HP: 38/38 MP: 6/6
  2485 | D:4      | Found a runed translucent door.
  2486 | D:4      | Noticed Crazy Yiuf
  2501 | D:4      | Killed Crazy Yiuf
  2502 | D:4      | Reached skill level 4 in Maces & Flails
  2749 | D:5      | Entered Level 5 of the Dungeon
  2762 | D:5      | Noticed Pikel
  2852 | D:4      | Killed Pikel
  2853 | D:4      | Reached skill level 5 in Maces & Flails
  2853 | D:4      | Reached XP level 7. HP: 19/44 MP: 7/7
  3068 | D:5      | Reached skill level 5 in Fighting
  3079 | D:5      | Found a hazy altar of Hepliaklqana.
  3080 | D:5      | Found a sparkling altar of Nemelex Xobeh.
  3112 | D:5      | Reached skill level 5 in Armour
  3112 | D:5      | Reached skill level 5 in Shields
  3136 | D:5      | Reached XP level 8. HP: 46/49 MP: 8/8
  3434 | D:6      | Reached skill level 6 in Maces & Flails
  3464 | D:6      | Found a shadowy altar of Dithmenos.
  4152 | D:3      | Bought 2 scrolls of fog for 88 gold pieces
  4152 | D:3      | Bought a scroll of poison for 44 gold pieces
  4152 | D:3      | Bought a scroll of amnesia for 44 gold pieces
  4606 | D:7      | Reached XP level 9. HP: 55/55 MP: 9/9
  4632 | D:7      | Noticed a hornet
  4643 | D:7      | Killed a hornet
  4644 | D:7      | Reached skill level 7 in Maces & Flails
  4714 | D:7      | Noticed Prince Ribbit
  4753 | D:7      | Killed Prince Ribbit
  4952 | D:8      | Noticed Maggie
  5043 | D:7      | Reached skill level 1 in Throwing
  5043 | D:7      | Reached skill level 1 in Evocations
  5100 | D:8      | Killed Maggie
  5275 | D:8      | Noticed a two-headed ogre
  5289 | D:8      | Killed a two-headed ogre
  5290 | D:8      | Reached skill level 8 in Maces & Flails
  5290 | D:8      | Reached XP level 10. HP: 51/61 MP: 10/10
  5525 | D:8      | Noticed Maurice
  5531 | D:8      | Paralysed by something for 2 turns
  5537 | D:8      | Paralysed by Maurice for 3 turns
  5547 | D:8      | Paralysed by Maurice for 3 turns
  5552 | D:8      | Paralysed by Maurice for 4 turns
  5556 | D:8      | Maurice stole a staff of cold
  5560 | D:8      | Maurice stole 121 gold
  5565 | D:8      | Killed Maurice
  6425 | D:9      | Reached skill level 9 in Maces & Flails
  6607 | D:9      | Reached XP level 11. HP: 68/68 MP: 11/11
  6639 | D:9      | Found a staircase to the Lair.
  6828 | D:9      | Found a broken altar of Ashenzari.
  6828 | D:9      | Found a bloodstained altar of Trog.
  6829 | D:9      | Found a blossoming altar of Fedhas.
  6830 | D:9      | Found a white marble altar of Elyvilon.
  6830 | D:9      | Found an iron altar of Okawaru.
  6830 | D:9      | Found a snail-covered altar of Cheibriados.
  6869 | D:9      | Reached skill level 5 in Dodging
  6871 | D:9      | Found a stormy altar of Qazlal.
  6881 | D:9      | Became a worshipper of Warmaster Okawaru
  6964 | D:9      | Noticed Erica
  6969 | D:9      | Identified the +1 robe "Violyuke" {Dex+3 Archmagi}
  6996 | D:9      | Killed Erica
  7028 | D:9      | Reached * piety under Okawaru
  7029 | D:9      | Reached skill level 1 in Invocations
  7165 | D:9      | Paralysed by a gnoll for 3 turns
  7182 | D:9      | Found Kedghacw's Armour Boutique.
  7538 | Lair:1   | Entered Level 1 of the Lair of Beasts
  7631 | Lair:1   | Reached ** piety under Okawaru
  7718 | Lair:1   | Reached skill level 10 in Maces & Flails
  8090 | Lair:1   | Reached *** piety under Okawaru
  8248 | Lair:1   | Noticed a purple ugly thing
  8249 | Lair:1   | Found a transporter.
  8254 | Lair:1   | Noticed dakkaduck's ghost (journeyman MiBe)
  8258 | Lair:1   | Noticed a green ugly thing
  8258 | Lair:1   | Noticed a spriggan rider
  8259 | Lair:1   | Noticed a thrashing horror
  8260 | Lair:1   | Noticed a worldbinder
  8262 | Lair:1   | Noticed a brown ugly thing
  8273 | Lair:1   | Found a transporter.
  8320 | Lair:1   | Reached XP level 12. HP: 52/75 MP: 14/14
  8981 | Lair:1   | Found a one-way gate to the infinite horrors of the Abyss.
  9173 | Lair:2   | Reached **** piety under Okawaru
  9177 | Lair:2   | Noticed a skyshark
  9210 | Lair:2   | Killed a skyshark
  9356 | Lair:2   | Reached skill level 5 in Throwing
  9364 | Lair:2   | Reached skill level 5 in Evocations
  9718 | Lair:2   | Reached ***** piety under Okawaru
  9824 | Lair:2   | Noticed a six-headed hydra
  9838 | Lair:2   | Killed a one-headed hydra
  9839 | Lair:2   | Reached skill level 11 in Maces & Flails
  9949 | Lair:2   | Found a staircase to the Snake Pit.
 10027 | Lair:2   | Found a staircase to the Shoals.
 10055 | Lair:1   | Received a gift from Okawaru
 10384 | Lair:2   | Noticed a skyshark
 10399 | Lair:2   | Killed a skyshark
 11018 | Lair:3   | Reached XP level 13. HP: 80/80 MP: 16/16
 11433 | Lair:3   | Reached skill level 5 in Invocations
 11721 | Lair:3   | Received a gift from Okawaru
 12312 | Lair:4   | Killed from afar by a lindwurm

Illustrated notes

Levels and vault maps discovered:
D:1:      minmay_arrival_diagonal_passages, layout_rooms,
          hellmonk_ecumenical_altar_zigzags, minmay_hexomino_r4
D:2:      layout_basic, nicolae_titane
D:3:      layout_basic, serial_shops, nicolae_shop_rolling_square
D:4:      layout_cave_pools, minmay_temple_entry_statues_fountains,
          serial_shops, shop, shop, uniq_crazy_yiuf_cottage
D:5:      layout_rooms, nicolae_overflow_squiral, uniq_pikel
D:6:      layout_basic, grunt_dithmenos_smoke_and_mirrors
D:7:      black_bear_nest_2, layout_rooms, grunt_ministairs_7,
          uniq_prince_ribbit1
D:8:      layout_loops_cross, uniq_maurice, uniq_maggie
D:9:      layout_loops_ring, grunt_temple_overflow_open,
          due_lair_maze_entry_diamond, serial_shops, nicolae_shop_peninsula,
          uniq_erica
Temple:   grunt_temple_mini_profane
Lair:1:   layout_gridlike, gammafunk_ghost_abyssal_escape, guppyfry_lair_drakes,
          lemuel_fruit_tree
Lair:2:   layout_chaotic_city, minmay_shoals_entry_hut, dummy_snake_entry,
          serial_bayou_ford_a
Lair:3:   layout_gridlike, small_statue_intersection, serial_bayou_lagoon_b
Lair:4:   layout_regular_city, basic_altar

Skill      XL: |  1  2  3  4  5  6  7  8  9 10 11 12 13 |
---------------+----------------------------------------+-----
Maces & Flails | 3 5 6 8 9 10 11 | 11.8
Dodging        | 1 2 3 4 5 6 |  6.7
Fighting       | 4 5 6 7 8 9 |  9.9
Shields        | 4 5 6 7 8 9 |  9.6
Armour         | 4 5 6 7 8 9 |  9.7
Throwing       | 2 3 4 5 6 |  6.0
Evocations     | 2 3 4 5 6 |  6.0
Invocations    | 2 4 5 |  5.4

Action                     |  1- 3 |  4- 6 |  7- 9 | 10-12 | 13-15 || total
---------------------------+-------+-------+-------+-------+-------++-------
  Melee: Flail             |    96 |   193 |   318 |    74 |       ||   681
         Unarmed           |       |       |    14 |       |       ||    14
         Morningstar       |       |       |       |  1054 |   285 ||  1339
         Scimitar          |       |       |       |     9 |     6 ||    15
  Throw: Dart              |       |       |     7 |     6 |       ||    13
 Invoke: Heroism           |       |       |       |       |     2 ||     2
  Evoke: Wand              |       |       |     2 |     6 |       ||     8
    Use: Scroll            |       |       |     6 |     3 |     2 ||    11
   Stab: Distracted        |       |       |     1 |       |       ||     1
         Confused          |       |       |     1 |       |       ||     1
         Petrified         |       |       |       |       |    11 ||    11
 Armour: Scale mail        |    86 |    74 |       |       |       ||   160
         Chain mail        |       |    54 |   139 |       |       ||   193
         Swamp dragon scal |       |       |    25 |   480 |   174 ||   679
         Skin              |       |       |     3 |       |       ||     3
  Dodge: Dodged            |    51 |    64 |   144 |   717 |   216 ||  1192
  Block: Buckler           |    19 |    96 |   163 |   654 |   207 ||  1139
         Reflection        |       |     2 |       |       |       ||     2
         Other             |       |       |     5 |       |       ||     5
